AoeStats
← santyguasta

MegaRandom

510445702Analyzed
2v2 RM · 18h ago on Oct 1, 2026· 37m 39s· 4 players
Game mode
Random Map
Map size
Medium (4 player)
Population
200
Speed
Normal
Resources
Standard
Victory
Conquest
Starting age
Dark Age
Ending age
Imperial Age
RankedLock teamsTeams togetherTeam positionsShared explorationLock speedFull tech treeHidden civsTurbo modeCheats
Victory
Defeat
🇺🇸 Magyars · United States
484
+15
🇺🇸 Franks · United States
366
+20
🇦🇷 Japanese · Argentina
465
-18
🇦🇷 Vietnamese · Argentina
438
-17
Ceroleni
11:17 Feudal Age
13:25 Double-Bit Axe
17:08 Fishing Lines
17:18 Fishing Lines
20:31 Horse Collar
21:55 Man-at-Arms
24:49 Castle Age
25:16 Forging
25:06 Scale Mail Armor
28:10 Gillnets
31:31 Loom
35:43 Imperial Age
35:26 Bow Saw
35:21 Heavy Plow
35:55 Caravan
35:33 Long Swordsman
36:00 Gambesons
santyguasta
9:31 Feudal Age
11:00 Double-Bit Axe
13:43 Horse Collar
13:55 Stone Mining
15:52 Wheelbarrow
21:35 Gold Mining
25:08 Castle Age
25:56 Caravan
27:14 Bow Saw
28:54 Coinage
31:15 Hand Cart
juanmateus
1:06 Loom
10:03 Feudal Age
11:27 Wheelbarrow
10:40 Double-Bit Axe
21:02 Castle Age
19:25 Gold Mining
19:35 Horse Collar
21:54 Bow Saw
21:48 Heavy Plow
23:03 Hand Cart
29:57 Town Watch
31:31 Gold Shaft Mining
30:51 Stone Mining
31:17 Husbandry
34:09 Imperial Age
32:09 Light Cavalry
33:07 Bloodlines
35:59 Two-Man Saw
35:33 Hussar
NappyBonpart
11:29 Loom
14:33 Feudal Age
15:36 Double-Bit Axe
16:14 Stone Mining
16:17 Gold Mining
17:06 Wheelbarrow
20:05 Scale Barding Armor
21:03 Forging
26:46 Castle Age
28:53 Hand Cart
29:38 Bow Saw
31:10 Gold Shaft Mining
30:53 Husbandry
31:28 Fervor
31:01 Pikeman
Connection lost

Rejoining the realm…

Still unreachable

The connection could not be restored.

Session expired

The server has moved on; the page needs a fresh start.